 Dungeon Crawl Stone Soup version 0.29.1-12-g30fa7ad0bf (webtiles) character file.

Game seed: 2752076130949205939

29 mopl the Ducker (level 3, -2/35 HPs)
             Began as a Gnoll Monk on Dec 27, 2022.
             Was a Priest of Jiyva.
             Slain by Sigmund
             ... wielding a +0 scythe
              (11 damage)
             ... on level 2 of the Dungeon on Dec 28, 2022.
             The game lasted 00:01:59 (921 turns).

mopl the Ducker (Gnoll Monk)                         Turns: 921, Time: 00:01:59

Health: -2/35      AC:  3    Str: 12    XL:     3   Next: 16%
Magic:  4/4        EV: 15    Int:  9    God:    Jiyva [***...]
Gold:   61         SH:  0    Dex: 14    Spells: 3/3 levels left

rFire   . . .      SeeInvis .   a - +0 mace
rCold   . . .      Faith    .   (no shield)
rNeg    . . .      Spirit   .   b - +0 robe
rPois   .          Reflect  .   (no helmet)
rElec   .          Harm     .   f - +0 cloak
rCorr   +          Rampage  .   (no gloves)
Will    .....                   (no boots)
Stlth   +++.......              (no amulet)
HPRegen 1.23/turn               (no ring)
MPRegen 0.44/turn               (no ring)

@: no status effects
A: fangs 1, strong nose, distributed training
a: Renounce Religion, Oozemancy


You were on level 2 of the Dungeon.
You worshipped Jiyva.
Jiyva was most pleased with you.
You visited 1 branch of the dungeon, and saw 2 of its levels.

You collected 61 gold pieces.

Inventory:

Hand Weapons
 a - a +0 mace (weapon)
Armour
 b - a +0 robe (worn)
 f - a +0 cloak (worn)
Scrolls
 d - a scroll of acquirement {unknown}
 e - 2 scrolls of immolation {unknown}
 g - a scroll of blinking {unknown}
 h - a scroll of vulnerability {unknown}
Potions
 c - a potion of ambrosia


   Skills:
 + Level 6.5 Fighting
 + Level 0.7 Short Blades
 + Level 0.7 Long Blades
 + Level 0.7 Axes
 + Level 6.5 Maces & Flails
 + Level 0.7 Polearms
 + Level 0.7 Staves
 + Level 0.7 Ranged Weapons
 + Level 0.7 Throwing
 + Level 0.7 Armour
 + Level 6.5 Dodging
 + Level 4.1 Stealth
 + Level 0.7 Shields
 + Level 0.7 Unarmed Combat
 + Level 0.7 Spellcasting
 + Level 0.5 Conjurations
 + Level 0.5 Hexes
 + Level 0.5 Summonings
 + Level 0.5 Necromancy
 + Level 0.5 Translocations
 + Level 0.5 Transmutations
 + Level 0.5 Fire Magic
 + Level 0.5 Ice Magic
 + Level 0.5 Air Magic
 + Level 0.5 Earth Magic
 + Level 0.5 Poison Magic
 + Level 0.9 Invocations
 + Level 0.7 Evocations


You had 3 spell levels left.
You didn't know any spells.
Your spell library contained the following spells:

 Spells                   Type           Power      Damage    Failure   Level
 Sublimation of Blood     Necr           1%         N/A       43%         2
 Petrify                  Tmut/Erth      1%         N/A       97%         4
 Irradiate                Conj/Tmut      0%         3d11      100%        5


Dungeon Overview and Level Annotations

Branches:
Dungeon (2/15)

Altars:
Jiyva

Annotations:
D:2 Sigmund


Innate Abilities, Weirdness & Mutations

You have very sharp teeth.
Your uncanny sense of smell can sniff out nearby items.
Your experience applies equally to all skills.


Message History

The puff of flame hits you!
You hear a distant slurping noise.
There is an open door here.
You close the door.
There is an open door here.
You are confused.
You bump into the closed door.
You bump into the closed door.
A puff of flame appears from out of thin air!
The puff of flame misses you.
You bump into the closed door.
You're too confused to move!
You bump into the rock wall.
You feel less confused. Something hits you but does no damage.
You open the door.
A magic dart appears from out of thin air!
The magic dart hits you!
A rat comes into view.
Something hits you.
You hit something. You hit something but do no damage. Something hits you!
You closely miss something. Something hits you.
You closely miss something. You bite something. Something hits you!
* * * LOW HITPOINT WARNING * * *
You hit something but do no damage. Your bite misses something.
You barely miss something. Something hits you.
* * * LOW HITPOINT WARNING * * *
You closely miss something. Something barely misses you.
Okay, then.
You sock something!
You hear a distant slurping noise.
You miss something. Something hits you.
You hear a distant slurping noise.
You hit something. Something barely misses you.
You hit something. Something hits you!
* * * LOW HITPOINT WARNING * * *
You miss something. You barely miss something. Something hits you!
You die...

###'#### .# #......# ########.#
+......# ####### #........##
#......# #.....# #..........
#......# #....J####.......#
#......# #.....'..+J......+
##......# #.....####.......#
.......### #.....####.......#
.#####...# #...@....#.......#
..######.######'#{##.#.......#
................r.............
.######........#.##.#.....#####
##..###..#.##.......# #..#
#..#.##.......# #..#
####.##.......# #... ... .
..... ###


You could see a rat and a neutral endoplasm (wandering) (fellow slime).

Vanquished Creatures
  3 dart slugs (D:1)
  2 bats (D:1)
  2 endoplasms (D:1)
  2 giant cockroaches (D:1)
  4 goblins (D:1)
  A hobgoblin (D:1)
  A quokka (D:1)
  3 frilled lizards
  3 kobolds (D:1)
  A rat (D:1)
22 creatures vanquished.

Vanquished Creatures (others)
  A ball python (D:1)
  An endoplasm (D:2)
  A hobgoblin (D:2)
  A frilled lizard (D:1)
  A rat (D:1)
  A demonic plant (D:1)
6 creatures vanquished.

Grand Total: 28 creatures vanquished

Notes
Turn   | Place    | Note
-------+----------+-------------------------------------------
     0 | D:1      | mopl the Gnoll Monk began the quest for the Orb.
     0 | D:1      | Reached XP level 1. HP: 23/23 MP: 1/1
   176 | D:1      | Reached XP level 2. HP: 14/29 MP: 2/2
   381 | D:1      | Found a faded altar of an unknown god.
   381 | D:1      | Noticed a soul eater
   512 | D:1      | Prayed at the altar of an unknown god.
   512 | D:1      | Became a worshipper of Jiyva Jupuata the Shapeless
   512 | D:1      | Reached * piety under Jiyva
   512 | D:1      | Reached ** piety under Jiyva
   601 | D:1      | Reached *** piety under Jiyva
   626 | D:1      | Reached XP level 3. HP: 34/35 MP: 3/3
   879 | D:2      | Noticed Sigmund
   921 | D:2      | Slain by Sigmund

Illustrated notes

Levels and vault maps discovered:
D:1:      co_arrival_random_square_maze, layout_rooms,
          dreamdust_ecumenical_altar_sealed_demon
D:2:      layout_basic, uniq_sigmund

Action                   || total
-------------------------++-------
Melee: Mace              ||    61
       Bite              ||     7
       Punch             ||     1
 Stab: Sleeping          ||     5
Armor: Robe              ||     6
Dodge: Dodged            ||    33
